 Dungeon Crawl Stone Soup version 0.20.0-15-g7f486f2 (webtiles) character file.

241 mcbry the Sneak (level 6, -3/37 HPs)
             Began as a Kobold Assassin on June 12, 2017.
             Killed by divine providence
             ... invoked by an orc priest
              (13 damage)
             ... on level 3 of the Dungeon on June 13, 2017.
             The game lasted 00:15:57 (2561 turns).

mcbry the Sneak (Kobold Assassin)                   Turns: 2561, Time: 00:15:57

Health: -3/37      AC:  3    Str:  8    XL:     6   Next: 30%
Magic:  6/6        EV: 16    Int: 13    God:
Gold:   92         SH:  0    Dex: 18    Spells: 5/5 levels left

rFire    . . .     SeeInvis .   a - +2 dagger
rCold    . . .     Gourm    .   (shield restricted)
rNeg     . . .     Faith    .   c - +0 robe
rPois    .         Spirit   .   (no helmet)
rElec    .         Reflect  .   d - +0 cloak
rCorr    .         Harm     .   (no gloves)
MR       .....                  (no boots)
Stlth    ++++......             (no amulet)
Regen    0.2/turn               (no ring)
MPRegen  0.1/turn               (no ring)

@: no status effects
A: carnivore 3
a: no special abilities


You were on level 3 of the Dungeon.
You were very full.

You visited 1 branch of the dungeon, and saw 3 of its levels.

You collected 92 gold pieces.

Inventory:

Hand Weapons
 a - a +2 dagger (weapon)
 b - a +0 blowgun
Missiles
 e - 19 poisoned needles
 f - 2 curare-tipped needles
Armour
 c - a +0 robe (worn)
 d - a +0 cloak (worn)
Scrolls
 h - a scroll of fog {unknown}
 j - a scroll of remove curse
 l - a scroll of identify {unknown}
 r - a scroll of teleportation {unknown}
 s - a scroll of recharging {unknown}
Potions
 i - a potion of heal wounds {unknown}
 k - 4 potions of lignification {unknown}
 m - a potion of might {unknown}
 n - a potion of brilliance {unknown}
 o - a potion of curing {unknown}
 q - a potion of haste {unknown}
Comestibles
 g - 2 meat rations
 p - a royal jelly


   Skills:
 + Level 3.4 Fighting
 + Level 4.2 Short Blades
 - Level 3.5 Throwing
 - Level 3.0 Dodging
 + Level 6.8 Stealth


You had 5 spell levels left.
You didn't know any spells.

Dungeon Overview and Level Annotations

Branches:
Dungeon (3/15)

Altars:
Ashenzari

Annotations:
D:3 Nicoed's ghost, amateur OpEE


Innate Abilities, Weirdness & Mutations

You are small and have problems with some larger weapons.
You are carnivorous and can eat meat at any time.


Message History

The bat closely misses you. The bat barely misses you. The bat hits you.
* * * LOW HITPOINT WARNING * * *
The bat hits you but does no damage. The bat hits you but does no damage.
The bat barely misses you. The bat closely misses you.
The bat barely misses you. The bat misses you. The bat completely misses you.
The bat barely misses you. x2; The bat closely misses you.
The bat completely misses you. The bat barely misses you.
The bat hits you but does no damage. The bat hits you but does no damage.
The bat hits you.
* * * LOW HITPOINT WARNING * * *
The bat barely misses you. The bat hits you but does no damage.
The bat barely misses you. The bat misses you. The bat barely misses you.
The bat completely misses you. The bat barely misses you. The bat misses you.
The bat closely misses you. The bat closely misses you.
The orc priest calls down the wrath of Beogh upon you.
Beogh smites you!
You die...

..#.......#####.##.......##..##..
.# #.....####............###.#..
.#. #..........#........##..##..
.+. #.....###.##.......##.######
.#. #..##.# #.##.......###..##
.#.###..##.###.##.......# ###.#
..#......o..............# #..##
.⌠#.....##.#...bb.###.#####..####
###.....#..W.#.#@.†............[#
...o....#....#.#.#.##...........#
.g......#....#.#.#.##...........#
........#......#.#..#.###########
....#####...####.##.#.# .$..#
#.........#...# ....# #...###...
#..# ...## #...# ... #..# ...#
####...##


You could see an orc priest and 2 bats.

Vanquished Creatures
  Sigmund (D:2)
  4 adders
  An ooze (D:1)
  3 worms
  A leopard gecko (D:1)
  3 giant cockroaches
  6 goblins
  6 hobgoblins
  A ball python (D:2)
  9 bats
  3 frilled lizards
  7 kobolds
  3 rats (D:1)
48 creatures vanquished.

Notes
Turn   | Place    | Note
-------+----------+-------------------------------------------
     0 | D:1      | mcbry the Kobold Assassin began the quest for the Orb.
     0 | D:1      | Reached XP level 1. HP: 12/12 MP: 1/1
    46 | D:1      | Reached XP level 2. HP: 10/18 MP: 2/2
   343 | D:1      | Reached skill level 6 in Stealth
   417 | D:1      | Reached XP level 3. HP: 17/22 MP: 3/3
   806 | D:1      | *************need dig / disentigrate D:1**************
  1543 | D:2      | Reached XP level 4. HP: 27/27 MP: 4/4
  2078 | D:2      | Noticed Sigmund
  2095 | D:2      | Killed Sigmund
  2095 | D:2      | Reached XP level 5. HP: 32/32 MP: 5/5
  2095 | D:2      | Reached XP level 6. HP: 37/37 MP: 6/6
  2484 | D:3      | Noticed Nicoed's ghost (amateur OpEE)
  2533 | D:3      | Found a shattered altar of Ashenzari.
  2561 | D:3      | Killed from afar by an orc priest

Skill      XL: |  1  2  3  4  5  6 |
---------------+-------------------+-----
Stealth        | 6 |  6.8
Short Blades   | 3 4 |  4.2
Dodging        | 2 3 |  3.0
Fighting       | 3 |  3.4
Throwing       | 3 |  3.5

Action                   |  1- 3 |  4- 6 || total
-------------------------+-------+-------++-------
Melee: Dagger            |    74 |    62 ||   136
 Fire: Blowgun           |    20 |    10 ||    30
  Use: Scroll            |     1 |       ||     1
 Stab: Sleeping          |    12 |     4 ||    16
  Eat: Meat ration       |     1 |       ||     1
       Chunk             |       |     6 ||     6
Armor: Robe              |    13 |    29 ||    42
Dodge: Dodged            |    34 |    90 ||   124
